 Dungeon Crawl Stone Soup version 0.17.1-2-g5865329 (webtiles) character file.

266 Gargoyl the Distorting Demonspawn (level 6, -5/51 HPs)
             Began as a Demonspawn Abyssal Knight on Jan 27, 2016.
             Was a Believer of Lugonu.
             Slain by an orc priest
             ... wielding a +0 flail
              (8 damage)
             ... on level 3 of the Dungeon.
             The game lasted 00:06:30 (2532 turns).

Gargoyl the Distorting Demonspawn (DsAK)            Turns: 2532, Time: 00:06:31

Health: -5/51      AC:  5    Str: 14    XL:     6   Next: 0%
Magic:  16/19      EV: 11    Int: 14    God:    Lugonu [**....]
Gold:   129        SH:  0    Dex: 14    Spells: 0 memorised, 11 levels left

rFire  . . .     SeeInvis .     a - +2 hand axe
rCold  . . .     Clarity  +     s - +0 scale mail (curse)
rNeg   . . .     SustAt   .     (no shield)
rPois  .         Gourm    .     (no helmet)
rElec  .         Spirit   .     e - +0 cloak
rCorr  .         Warding  .     (no gloves)
rMut   .         Stasis   .     (no boots)
MR     .....                    n - amulet of clarity
Stlth  ++........               b - -3 ring of protection (curse)
                                j - ring of magical power

@: not resistant to hostile enchantments, unstealthy
A: claws 1, thin skeletal structure 1, rot immunity
a: Depart the Abyss, Bend Space, Renounce Religion


You were on level 3 of the Dungeon.
You worshipped Lugonu.
Lugonu was pleased with you.
You were not hungry.

You visited 1 branch of the dungeon, and saw 3 of its levels.
You visited the Abyss 1 time.

You collected 129 gold pieces.

Inventory:

Hand Weapons
 a - a +2 hand axe (weapon)
 f - a +0 flail
Missiles
 h - 15 poisoned needles
Armour
 e - a +0 cloak (worn)
 s - a cursed +0 scale mail (worn)
Jewellery
 b - a cursed -3 ring of protection (right claw)
 j - a ring of magical power (left claw)
 n - an amulet of clarity (around neck)
 q - a cursed amulet of inaccuracy {unknown}
 r - an uncursed amulet of the gourmand {unknown}
Scrolls
 o - a scroll of teleportation
Potions
 m - a potion of lignification {unknown}
Comestibles
 c - 3 fruits
 d - a meat ration
 g - a bread ration
 p - a royal jelly


   Skills:
 + Level 5.2 Fighting
 + Level 4.0(4.6) Axes
 + Level 3.2(4.2) Maces & Flails
 + Level 3.1 Throwing
 + Level 4.4 Armour
 + Level 4.3 Dodging
 + Level 3.6 Stealth
 + Level 3.1 Unarmed Combat
 + Level 3.1 Spellcasting
 + Level 5.6 Invocations


You had 11 spell levels left.
You didn't know any spells.

Dungeon Overview and Level Annotations

Branches:
Dungeon (3/15)

Altars:
Gozag
Nemelex Xobeh
Okawaru


Innate Abilities, Weirdness & Mutations

You have sharp fingernails.
You have a somewhat thin skeletal structure (Dex +2, Stealth).
You are immune to rotting.


Message History

Drink which item? (? for menu, Esc to quit)
It was a potion of experience.
You feel more experienced!
Your Fighting skill gained 2 levels and is now at level 5!
Your Axes skill gained 2 levels and is now at level 4!
Your base Maces & Flails skill gained 3 levels and is now at level 3!
Your Throwing skill gained 3 levels and is now at level 3!
Your Armour skill gained 2 levels and is now at level 4!
Your Dodging skill gained 2 levels and is now at level 4!
Your Stealth skill gained 3 levels and is now at level 3!
Your Unarmed Combat skill gained 3 levels and is now at level 3!
Your Spellcasting skill gained 3 levels and is now at level 3!
Your Invocations skill gained 3 levels and is now at level 5!
You have reached level 6!
Your experience leads to an increase in your attributes!
Increase (S)trength, (I)ntelligence, or (D)exterity?
You feel stronger.
Drink which item? (? for menu, Esc to quit)
It was a potion of ambrosia.
You feel momentarily confused.
You feel briefly invigorated. The orc priest hits you with a flail!
You die...

###
#############.#
....ooo@.(..((#
#############.#
#.# #†# #.# #.#
#(# #########.#
........#.#


You could see an orc priest and 2 orcs.

Vanquished Creatures
  3 adders
  4 gnolls (D:2)
  2 oozes
  2 orcs (D:3)
  2 ball pythons
  12 hobgoblins
  7 bats
  2 giant geckos (D:2)
  3 giant newts (D:2)
  8 goblins
  10 kobolds
  6 rats
61 creatures vanquished.

Vanquished Creatures (others)
  3 starspawn tentacles (Abyss:1)
  24 starspawn tentacle segments (Abyss:1)
27 creatures vanquished.

Grand Total: 88 creatures vanquished

Notes
Turn   | Place    | Note
--------------------------------------------------------------
     0 | Abyss:1  | Gargoyl the Demonspawn Abyssal Knight began the quest for the Orb.
     0 | Abyss:1  | Reached XP level 1. HP: 18/18 MP: 2/2
    65 | Abyss:1  | Noticed a large abomination
   130 | Abyss:1  | Noticed a tentacled starspawn
   148 | D:1      | Escaped the Abyss
   256 | D:1      | Reached skill level 1 in Dodging
   394 | D:1      | Gained mutation: You have a somewhat thin skeletal structure (Dex +2, Stealth). [demonic ancestry]
   394 | D:1      | Reached XP level 2. HP: 12/24 MP: 3/3
   741 | D:1      | Reached * piety under Lugonu
  1193 | D:1      | Reached XP level 3. HP: 29/29 MP: 5/5
  1429 | D:2      | Gained mutation: You have sharp fingernails. [demonic ancestry]
  1429 | D:2      | Reached XP level 4. HP: 32/35 MP: 6/6
  2004 | D:2      | Found an iron altar of Okawaru.
  2020 | D:2      | Found a sparkling altar of Nemelex Xobeh.
  2020 | D:2      | Found an opulent altar of Gozag.
  2068 | D:2      | Reached ** piety under Lugonu
  2524 | D:3      | Gained mutation: You are immune to rotting. [demonic ancestry]
  2524 | D:3      | Reached XP level 5. HP: 29/41 MP: 7/7
  2531 | D:3      | Reached skill level 5 in Fighting
  2531 | D:3      | Reached skill level 5 in Invocations
  2531 | D:3      | Reached XP level 6. HP: 3/51 MP: 10/10
  2532 | D:3      | Slain by an orc priest

Action                   |  1- 3 |  4- 6 || total
-------------------------+-------+-------++-------
Melee: Hand axe          |    90 |    87 ||   177
Invok: Depart the Abyss  |     1 |       ||     1
  Use: Scroll            |     3 |     1 ||     4
       Potion            |     1 |     2 ||     3
 Stab: Sleeping          |       |     2 ||     2
  Eat: Chunk             |     1 |       ||     1
       Bread ration      |     1 |       ||     1
